 Dungeon Crawl Stone Soup version 0.24.0-13-gcf9b319 (webtiles) character file.

Game seed: 1534868213724609820, levelgen mode: deterministic

27395 Anandil the Thrower (level 13, 0/165 (166) HPs)
             Began as a Pale Draconian Wizard on Oct 29, 2019.
             Was an Elder of Sif Muna.
             Succumbed to a death drake's foul vapour
             ... in a Gauntlet on Nov 17, 2019.
             The game lasted 01:28:21 (27987 turns).

Anandil the Thrower (Pale Draconian Wizard)        Turns: 27987, Time: 01:28:21

HP:   0/165 (166)   AC: 28    Str: 22    XL:     13   Next: 4%
MP:   18/23         EV:  2    Int: 22    God:    Sif Muna [****..]
Gold: 612           SH:  0    Dex: 11    Spells: 10/26 levels left

rFire    . . .     SeeInvis .   Q - +7 lajatang "Umeutine" {slice, Str+7}
rCold    . . .     Gourm    .   (shield currently unavailable)
rNeg     + + +     Faith    .   (armour unavailable)
rPois    +         Spirit   .   (helmet currently unavailable)
rElec    .         Reflect  .   (cloak currently unavailable)
rCorr    .         Harm     .   (gloves currently unavailable)
MR       .....     NoTele   +   (boots currently unavailable)
Stlth    ++........             N - amulet of the acrobat
HPRegen  0.00/turn              g - +2 ring of protection
MPRegen  0.18/turn              u - +4 ring of evasion

@: mighty, lethally poisoned (0 -> -19), tree-form, non-regenerating, diseased,
slowed, studying Throwing, very slow
A: (breathe steam), unfitting armour, AC +8
a: Channel Magic, Forget Spell, Divine Exegesis, Renounce Religion


You were in a Gauntlet.
You worshipped Sif Muna.
Sif Muna was greatly pleased with you.
You were not hungry.
You were a tree.
You visited 2 branches of the dungeon, and saw 16 of its levels.
You also visited: Sewer and Gauntlet.

You collected 864 gold pieces.
You spent 252 gold pieces at shops.

Inventory:

Hand Weapons
 Q - the +7 lajatang "Umeutine" (weapon) {slice, Str+7}
   (You found it on level 2 of the Lair of Beasts)

   It inflicts extra damage upon your enemies.
   It affects your strength (+7).
 S - a cursed -1 broad axe
Missiles
 C - 5 boomerangs (quivered)
 G - 3 poisoned darts
Armour
 a - a +0 hat (melded)
 e - a +0 cloak
 i - a scarf of cloud immunity (melded)
 w - a +0 pair of gloves (melded)
 E - a +1 pair of boots of flying (melded)
Jewellery
 g - a +2 ring of protection (left branch)
 h - an uncursed ring of positive energy
 l - an uncursed ring of magical power
 u - a +4 ring of evasion (right branch)
 I - an uncursed ring of ice {unknown}
 N - an amulet of the acrobat (around neck)
 U - the ring "Onkyixored" {*Slow rElec rN+ Str+3}
   (You found it on level 4 of the Lair of Beasts)

   [ring of positive energy]

   It affects your strength (+3).
   It insulates you from electricity.
   It protects you from negative energy.
   It may slow you when you take damage.
 W - an uncursed ring of ice {unknown}
Wands
 x - a wand of digging (8)
 H - a wand of iceblast (1)
 L - a wand of polymorph (6)
Scrolls
 b - 7 scrolls of enchant armour {unknown}
 f - 3 scrolls of fog {unknown}
 m - 12 scrolls of teleportation
 n - 3 scrolls of noise {unknown}
 o - 5 scrolls of remove curse
 q - 3 scrolls of immolation {unknown}
 r - 2 scrolls of blinking
 t - 2 scrolls of magic mapping {unknown}
 z - 2 scrolls of enchant weapon
 J - a scroll of amnesia {unknown}
 K - 3 scrolls of identify
 M - a scroll of acquirement {unknown}
 R - 2 scrolls of fear
Potions
 d - a potion of heal wounds
 j - a potion of lignification
 k - 2 potions of flight
 p - 5 potions of brilliance
 v - a potion of resistance
 A - 2 potions of curing
 B - a potion of magic
 D - 5 potions of might
 F - 3 potions of agility
 T - a potion of haste
 V - a potion of mutation {unknown}
Books
 y - a manual of Throwing
Comestibles
 c - 17 rations


   Skills:
 - Level 9.0 Fighting
 + Level 4.7 Staves
 - Level 11.0 Throwing
 - Level 8.4 Dodging
 - Level 1.7 Stealth
 - Level 7.0 Spellcasting
 + Level 5.9 Conjurations
 - Level 2.0 Charms
 - Level 1.0 Summonings
 - Level 3.0 Necromancy
   Level 1.0 Translocations
 + Level 2.0 Fire Magic
 - Level 5.0 Poison Magic
 - Level 10.0 Invocations
 + Level 7.1 Evocations


You had 10 spell levels left.
You knew the following spells:

 Your Spells              Type           Power        Failure   Level  Hunger
a - Magic Dart            Conj           ####         1%          1    None
b - Call Imp              Summ           ##......     9%          2    None
c - Mephitic Cloud        Conj/Pois/Air  ###.....     5%          3    None
d - Conjure Flame         Conj/Fire      ####....     4%          3    None
e - Regeneration          Chrm/Necr      ###.......   9%          3    None
f - Olgreb's Toxic Radia  Pois           ####....     11%         4    ###....

Your spell library contained the following spells:

 Spells                   Type           Power        Failure   Level  Hunger
 Sting                    Conj/Pois      ####         1%          1    None
 Infusion                 Chrm           ###.         3%          1    None
 Poisonous Vapours        Pois/Air       ###...       4%          2    None
 Song of Slaying          Chrm           ###.....     5%          2    None
 Shroud of Golubria       Chrm/Tloc      ##....       7%          2    None
 Dazzling Spray           Conj/Hex       ###...       8%          3    None
 Confusing Touch          Hex            #.....       9%          1    None
 Corona                   Hex            #......      9%          1    None
 Sandblast                Erth           #.....       9%          1    None
 Blink                    Tloc           N/A          9%          2    None
 Ensorcelled Hibernation  Hex/Ice        #.....       12%         2    None
 Slow                     Hex            #.......     12%         2    None
 Gell's Gravitas          Tloc           ##........   16%         3    None
 Recall                   Summ/Tloc      N/A          16%         3    None
 Spectral Weapon          Hex/Chrm       ##......     16%         3    None
 Animate Dead             Necr           N/A          22%         4    ###....
 Confuse                  Hex            #.......     24%         3    None
 Tukima's Dance           Hex            #.......     24%         3    None
 Venom Bolt               Conj/Pois      ####......   24%         5    #####..
 Bolt of Magma            Conj/Fire/Erth ###.......   58%         5    #####..
 Leda's Liquefaction      Hex/Erth       #.........   63%         4    ###....
 Petrify                  Tmut/Erth      #.......     63%         4    ###....
 Borgnjor's Vile Clutch   Necr/Erth      ##........   77%         5    #####..
 Metabolic Englaciation   Hex/Ice        #.........   92%         5    #####..
 Yara's Violent Unravell  Hex/Tmut       #.........   92%         5    #####..
 Death Channel            Necr           ###.......   98%         6    ######.
 Iron Shot                Conj/Erth      ###.......   98%         6    ######.
 Hydra Form               Tmut           #.........   100%        6    ######.
 Simulacrum               Ice/Necr       ##........   100%        6    ######.


Dungeon Overview and Level Annotations

Branches:
Dungeon (11/15)            Temple (0/1) D:5            Lair (5/6) D:10
  Swamp (0/4) Lair:4       Spider (0/4) Lair:4          Orc (0/2) D:11
  Sewer (visited)         Gauntlet (1/1)
  Slime: Lair:5-6

Altars:
Dithmenos
Nemelex Xobeh
Qazlal
Sif Muna
Xom
Yredelemnul
The Shining One

Shops:
D:4 ?   D:9 *

Annotations:
D:7 2 transporters, DimondSprtn's ghost, novice DsGl Gauntlet 7 transporters, 21 runed translucent doors, exclusion: ice statue


Innate Abilities, Weirdness & Mutations

((You can breathe blasts of scalding, opaque steam.))
((Your pale cyan-grey scales are hard. (AC +8)))
You cannot fit into any form of body armour.
((You are cold-blooded and may be slowed by cold attacks.))


Message History

Aiming: Bolt of Magma
Press: ? - help, Shift-Dir - straight line, f/p - death drake
Aim: a death drake (foul pestilence, heavily wounded, catching its breath)
The bolt of magma misses the death drake.
You are engulfed in dark miasma.
You feel your flesh rotting away!
You feel ill.
You feel as though you will be slow longer.
* * * LOW HITPOINT WARNING * * *
x2 You feel very sick.
The death drake bites you but does no damage.
The spectral centaur warrior hits you but does no damage. x2
The death drake bites you but does no damage.
Unknown command.
You cannot blink because you are held in place by your roots.
You slice the death drake!!
The death drake is almost dead.
You are engulfed in dark miasma.
* * * LOW HITPOINT WARNING * * *
You die...

#########################
........≈∩≈...........§≈#
........................#
########...###########..#
".©[!..#...#..(!©.[..#..#
......h#...#.#...#.#.#..###
#+++#24#...#.#.#...#.#..#8#
#...#++#...#...###...#..#
+...+..#...#.#ZZ♣###.#..#
+...+..#...#.#.#.k.#.#..###
#+#+#++#...#...###...#..#8#
+...+..#...#.#...###.#..###
+.©.+..#...#.........#..#
########...###########..###
#.©.#...§§....#.©.#.....#8#
#...#...≈8≈...#...#.8...###
#.©.#....≈....#.©.#.....#


You could see a death drake and 2 spectral centaur warriors.

Vanquished Creatures
  Harold (D:7)
  Erolcha (D:11)
  3 hydras (Lair:3)
  A tengu warrior (D:10)
  A two-headed ogre (D:10)
  Pikel (D:5)
  An ugly thing (D:11)
  A rust devil (Gauntlet)
  2 black mambas (Lair:2)
  2 centaur skeletons (D:11)
  2 rime drakes
  5 spiny frogs
  6 komodo dragons
  A kobold demonologist (D:11)
  A jumping spider (Lair:4)
  2 trolls (D:9)
  Grinder (D:5)
  4 dream sheep (Lair:4)
  11 hippogriffs
  5 blink frogs (Lair:2)
  A redback (Lair:4)
  3 wyverns
  A tarantella (shapeshifter) (Gauntlet)
  15 yaks
  A ynoxinul (Gauntlet)
  A basilisk (Lair:3)
  4 insubstantial wisps
  A soldier ant (D:11)
  8 water moccasins
  3 porcupines
  Duvessa (D:4)
  7 orc warriors
  4 slaves (D:6)
  3 ice beasts
  2 sky beasts
  3 black bears
  5 ogres
  4 wolves (Lair:1)
  7 centaurs
  4 crocodiles
  2 big kobolds
  12 bullfrogs
  Blork the orc (D:4)
  A bullfrog (shapeshifter) (Gauntlet)
  2 scorpions
  4 killer bees
  A howler monkey (D:8)
  8 wights (D:9)
  2 crimson imps (D:6)
  2 bullfrog zombies
  A centaur zombie (D:11)
  2 jellies
  2 hounds
  16 orc wizards
  15 orc priests
  3 iron imps (Gauntlet)
  2 bullfrog skeletons (D:9)
  7 worker ants
  14 hell rats
  5 iguanas
  Natasha (twice) (D:4)
  A hound zombie (D:7)
  Robin (D:2)
  4 gnolls (D:7)
  13 adders
  7 river rats
  3 shadow imps
  A worm (D:6)
  A dart slug (D:3)
  5 leopard geckos
  50 orcs
  6 bats
  4 giant cockroaches
  12 goblins
  2 hobgoblins
  10 jackals
  2 quokkas
  5 ball pythons (Sewer)
  2 frilled lizards (D:2)
  23 kobolds
  A quokka skeleton (D:8)
  20 rats
  A plant (D:10)
408 creatures vanquished.

Vanquished Creatures (collateral kills)
  A spiny frog (D:10)
  Prince Ribbit (D:5)
  Sigmund (D:4)
  2 centaurs
  An ogre (D:4)
  A bullfrog (Lair:4)
  Dowan (D:4)
  An orc wizard (D:4)
  Natasha (D:4)
  A worker ant (D:5)
  A hound skeleton (D:4)
  An adder (D:5)
  6 orcs
  A quokka zombie (D:5)
  2 rats (Sewer)
22 creatures vanquished.

Vanquished Creatures (others)
  3 orcs (D:11)
  A demonic plant (Gauntlet)
  8 fungi
  7 plants
  14 withered plants (Gauntlet)
33 creatures vanquished.

Grand Total: 463 creatures vanquished

Notes
Turn   | Place    | Note
-------+----------+-------------------------------------------
     0 | D:1      | Anandil the Draconian Wizard began the quest for the Orb.
     0 | D:1      | Reached XP level 1. HP: 14/14 MP: 4/4
   799 | D:1      | Reached XP level 2. HP: 18/20 MP: 1/6
   992 | D:1      | Learned a level 2 spell: Call Imp
  1447 | D:2      | Reached XP level 3. HP: 26/26 MP: 8/8
  1453 | D:2      | Noticed Robin
  1530 | D:2      | Killed Robin
  1758 | D:2      | Found a stormy altar of Qazlal.
  2884 | D:3      | Found a shimmering blue altar of Sif Muna.
  2960 | D:3      | Became a worshipper of Sif Muna the Loreminder
  3010 | D:4      | Noticed an ogre
  3020 | D:4      | Killed an ogre
  3020 | D:4      | Reached XP level 4. HP: 33/33 MP: 10/10
  3096 | D:4      | Noticed Dowan
  3130 | D:4      | Killed Dowan
  3130 | D:4      | Reached XP level 5. HP: 33/38 MP: 11/11
  3193 | D:4      | Noticed Natasha
  3200 | D:4      | Killed Natasha
  3501 | D:4      | Noticed Natasha
  3513 | D:4      | Killed Natasha
  3791 | D:4      | Learned a level 3 spell: Mephitic Cloud
  3832 | D:4      | Noticed Duvessa
  3866 | D:4      | Killed Duvessa
  3866 | D:4      | Reached skill level 5 in Spellcasting
  3866 | D:4      | Reached XP level 6. HP: 45/45 MP: 6/13
  4103 | D:4      | Noticed Sigmund
  4119 | D:5      | Entered Level 5 of the Dungeon
  4148 | D:5      | Noticed Grinder
  4187 | D:4      | Noticed Natasha
  4323 | D:4      | Killed Natasha
  4447 | D:4      | Killed Sigmund
  4544 | D:4      | Reached skill level 5 in Conjurations
  4590 | D:4      | Found Xoklyupp's Magic Scroll Boutique.
  5586 | D:4      | Your scales start taking on a pale cyan-grey colour.
  5586 | D:4      | Reached XP level 7. HP: 27/50 MP: 15/15
  5592 | D:4      | Learned a level 3 spell: Conjure Flame
  5756 | D:4      | Noticed Blork the orc
  5767 | D:4      | Killed Blork the orc
  5767 | D:4      | Reached * piety under Sif Muna
  6103 | D:5      | Found a staircase to the Ecumenical Temple.
  6497 | D:5      | Killed Grinder
  6648 | D:5      | Found a sparkling altar of Nemelex Xobeh.
  6688 | D:5      | Noticed Prince Ribbit
  6695 | D:5      | Killed Prince Ribbit
  6863 | D:5      | Found a basalt altar of Yredelemnul.
  7088 | D:6      | Found a glowing drain.
  7092 | Sewer    | Entered a sewer
  7114 | Sewer    | Reached XP level 8. HP: 41/57 MP: 13/18
  7548 | Sewer    | Reached ** piety under Sif Muna
  8492 | D:6      | Reached skill level 1 in Fighting
  8492 | D:6      | Reached skill level 1 in Throwing
  8688 | D:6      | Reached skill level 2 in Throwing
  8729 | D:6      | Noticed Pikel
  9060 | D:5      | HP: 3/61 [Pikel/+1 whip of freezing (2)]
  9082 | D:5      | Killed Pikel
  9082 | D:5      | Reached skill level 4 in Throwing
  9082 | D:5      | Reached skill level 5 in Invocations
  9364 | D:6      | Reached XP level 9. HP: 71/71 MP: 19/19
  9375 | D:6      | Reached *** piety under Sif Muna
  9589 | D:6      | Reached skill level 5 in Throwing
 10032 | D:6      | Found Qeviveuts's Jewellery Emporium.
 10602 | D:7      | Noticed Harold
 10620 | D:7      | Killed Harold
 10620 | D:7      | Reached skill level 5 in Fighting
 10620 | D:7      | Reached skill level 7 in Throwing
 11401 | D:7      | Found a glowing golden altar of the Shining One.
 11529 | D:7      | Noticed DimondSprtn's ghost (novice DsGl)
 11530 | D:7      | Found a transporter.
 11530 | D:7      | Identified the cursed +0 great mace of the Lettuce {speed,
                  | *Drain Dex+7}
 11530 | D:7      | Noticed a two-headed ogre
 11534 | D:7      | Found a transporter.
 11717 | D:7      | Reached XP level 10. HP: 57/84 MP: 10/20
 12050 | D:7      | Reached skill level 8 in Throwing
 12655 | D:7      | Learned a level 3 spell: Regeneration
 12788 | D:8      | Reached **** piety under Sif Muna
 12795 | D:7      | Upgraded the game from 0.24.0-1-gfbc8707 to
                  | 0.24.0-13-gcf9b319
 13243 | D:8      | Reached skill level 1 in Charms
 13524 | D:8      | Found a shadowy altar of Dithmenos.
 13533 | D:8      | Reached skill level 1 in Necromancy
 13898 | D:9      | Found Ismobrag's Assorted Antiques.
 14506 | D:9      | Identified the +5 long sword of Valour {antimagic, Int+2
                  | SInv Stlth+}
 14588 | D:9      | Reached skill level 9 in Throwing
 15092 | D:9      | Bought a fuming ruby potion for 26 gold pieces
 15092 | D:9      | Bought a sedimented inky potion for 26 gold pieces
 15549 | D:9      | Found a shimmering altar of Xom.
 15575 | D:9      | Found a shimmering altar of Xom.
 15575 | D:9      | Found a shimmering altar of Xom.
 15576 | D:9      | Found a shimmering altar of Xom.
 15576 | D:9      | Found a shimmering altar of Xom.
 15577 | D:9      | Found a shimmering altar of Xom.
 15578 | D:9      | Found a shimmering altar of Xom.
 15578 | D:9      | Found a shimmering altar of Xom.
 15619 | D:9      | Reached skill level 10 in Throwing
 16080 | D:10     | Entered Level 10 of the Dungeon
 16114 | D:10     | Noticed a two-headed ogre
 16123 | D:10     | Killed a two-headed ogre
 16123 | D:10     | Reached XP level 11. HP: 72/95 MP: 11/21
 16498 | D:10     | Reached ***** piety under Sif Muna
 16706 | D:10     | Noticed a tengu warrior
 16715 | D:10     | Killed a tengu warrior
 17173 | D:10     | Found a staircase to the Lair.
 17263 | D:10     | Reached skill level 11 in Throwing
 17539 | Lair:1   | Entered Level 1 of the Lair of Beasts
 19055 | D:11     | Reached skill level 10 in Invocations
 19368 | D:11     | Noticed Erolcha
 19411 | D:11     | Killed Erolcha
 19596 | D:11     | Found a staircase to the Orcish Mines.
 19701 | D:11     | Reached skill level 5 in Dodging
 19909 | D:11     | Noticed a purple ugly thing
 19919 | D:11     | Killed a purple ugly thing
 20146 | D:11     | Noticed a centaur warrior
 22219 | Lair:2   | Reached skill level 1 in Evocations
 22248 | Lair:2   | Reached XP level 12. HP: 93/104 MP: 12/22
 22450 | Lair:2   | Got a crystal lajatang
 22644 | D:4      | Bought a scroll of identify for 20 gold pieces
 22644 | D:4      | Bought a scroll of identify for 20 gold pieces
 22644 | D:4      | Bought a scroll of enchant weapon for 75 gold pieces
 22644 | D:4      | Bought a scroll of teleportation for 30 gold pieces
 22644 | D:4      | Bought a scroll of fear for 35 gold pieces
 22644 | D:4      | Bought a scroll of identify for 20 gold pieces
 22644 | D:4      | Identified the +7 lajatang "Umeutine" {slice, Str+7} (You
                  | found it on level 2 of the Lair of Beasts)
 23482 | Lair:2   | Learned a level 4 spell: Olgreb's Toxic Radiance
 23743 | Lair:3   | Reached skill level 1 in Poison Magic
 24145 | Lair:3   | Identified Sif Muna's Almanac of the Rocks and Moulding
                  | (Sif Muna gifted it to you on level 3 of the Lair of
                  | Beasts)
 24145 | Lair:3   | Received a gift from Sif Muna
 24152 | Lair:3   | Reached skill level 1 in Staves
 24612 | Lair:3   | Noticed a four-headed hydra
 24623 | Lair:3   | Reached skill level 5 in Evocations
 24637 | Lair:3   | Killed a five-headed hydra
 24968 | Lair:3   | Noticed an eight-headed hydra
 24987 | Lair:3   | Killed an eight-headed hydra
 25150 | Lair:3   | Noticed a six-headed hydra
 25182 | Lair:3   | Killed a seven-headed hydra
 26033 | Lair:4   | Got a translucent golden ring
 26052 | Lair:3   | Identified the ring "Onkyixored" {*Slow rElec rN+ Str+3}
                  | (You found it on level 4 of the Lair of Beasts)
 26079 | Lair:4   | Found a staircase to the Swamp.
 26344 | Lair:4   | Found a hole to the Spider Nest.
 26626 | Lair:4   | Found a shimmering blue altar of Sif Muna.
 26705 | Lair:4   | Reached skill level 1 in Fire Magic
 26870 | Lair:4   | Reached skill level 5 in Poison Magic
 27368 | Lair:5   | Found a gate leading to a gauntlet.
 27371 | Lair:5   | Noticed a seven-headed hydra
 27375 | Gauntlet | Entered a Gauntlet
 27375 | Gauntlet | Found a transporter.
 27375 | Gauntlet | Found a transporter.
 27376 | Gauntlet | Found a transporter.
 27378 | Gauntlet | Found a transporter.
 27379 | Gauntlet | Found a transporter.
 27389 | Gauntlet | Found a transporter.
 27393 | Gauntlet | Found a transporter.
 27395 | Gauntlet | Found a large runed translucent door.
 27396 | Gauntlet | Found a large runed translucent door.
 27397 | Gauntlet | Found a large runed translucent door.
 27397 | Gauntlet | Found a large runed translucent door.
 27397 | Gauntlet | Found a runed translucent door.
 27398 | Gauntlet | Found a large runed translucent door.
 27399 | Gauntlet | Found a large runed translucent door.
 27400 | Gauntlet | Found a large runed translucent door.
 27400 | Gauntlet | Found a large runed translucent door.
 27401 | Gauntlet | Found a runed translucent gate.
 27403 | Gauntlet | Found a transporter.
 27408 | Gauntlet | Found a runed translucent gate.
 27408 | Gauntlet | Found a transporter.
 27409 | Gauntlet | Found a runed translucent gate.
 27409 | Gauntlet | Found a runed translucent door.
 27412 | Gauntlet | Found a large runed translucent door.
 27412 | Gauntlet | Found a large runed translucent door.
 27413 | Gauntlet | Found a large runed translucent door.
 27414 | Gauntlet | Found a large runed translucent door.
 27423 | Gauntlet | Found a large runed translucent door.
 27423 | Gauntlet | Found a large runed translucent door.
 27424 | Gauntlet | Found a large runed translucent door.
 27425 | Gauntlet | Found a large runed translucent door.
 27427 | Gauntlet | Found a transporter.
 27431 | Gauntlet | Found a transporter.
 27441 | Gauntlet | Found a transporter.
 27667 | Gauntlet | Reached XP level 13. HP: 111/111 MP: 18/23
 27987 | Gauntlet | HP: 2/165 [death drake] (15)]
 27987 | Gauntlet | Succumbed to a death drake's foul vapour

Levels and vault maps discovered:
D:1:      minmay_arrival_four_loops, layout_rooms, minmay_3d_cube
D:2:      layout_loops_cross, lemuel_round_altar, uniq_robin
D:3:      layout_loops_corners, led_sif_pool, kennysheep_boxes
D:4:      layout_basic, serial_shops, nicolae_shop_competitors_out_of_business,
          first_ration, minmay_door_square, minmay_manual_mares, uniq_duvessa,
          uniq_sigmund, uniq_natasha, uniq_blork_the_orc
D:5:      layout_rooms, minmay_temple_entry_proselytizer, basic_altar,
          minivault_27, lemuel_altar_in_water, uniq_prince_ribbit1, uniq_grinder
D:6:      layout_rooms, gup_sewer_entry_spiral, serial_shops, shop, uniq_pikel
D:7:      layout_basic, nicolae_tso_carved_into_rock, gammafunk_ghost_smash,
          uniq_harold
D:8:      layout_cave_pools, nicolae_dithmenos_the_darkroom
D:9:      layout_rooms, serial_shops, shop, xom_shifter_show
D:10:     layout_basic, david_lair_shrubbed, grunt_tengu_nest
D:11:     minmay_chambers_of_sevens, layout_long_grid, hiddenorc1_lemuel,
          uniq_erolcha
Lair:1:   layout_roguey, lemuel_fruit_fields
Lair:2:   layout_roguey, hangedman_lair_generics_rect, serial_bayou_shore_b
Lair:3:   layout_concentric_octagons
Lair:4:   layout_regular_city, minmay_swamp_entry_wisps,
          spider_nest_entry_funnel_web, basic_altar
Lair:5:   layout_cave_shapes, gauntlet_entry_generic,
          grunt_forest_large_clearing_hut, infiniplex_staircase_pool_2,
          grunt_megastairs_5
Gauntlet: gammafunk_gauntlet_hard_choice [gammafunk_gauntlet_arena_hedges,
          gammafunk_gauntlet_arena_arrow_garden, gammafunk_gauntlet_arena_mazey,
          nicolae_gauntlet_arena_quarters, nicolae_gauntlet_arena_grate_2,
          minmay_gauntlet_arena_make_your_own_arena,
          nicolae_gauntlet_exit_dead_adventurers]

Skill      XL: |  1  2  3  4  5  6  7  8  9 10 11 12 13 |
---------------+----------------------------------------+-----
Conjurations   | 2 3 4 5 |  5.9
Spellcasting   | 4 5 6 7 |  7.0
Invocations    | 3 6 8 10 | 10.0
Fighting       | 3 6 8 9 |  9.0
Throwing       | 4 7 10 11 | 11.0
Charms         | 2 |  2.0
Necromancy     | 3 |  3.0
Dodging        | 7 8 |  8.4
Evocations     | 1 7 |  7.1
Poison Magic   | 5 |  5.0
Staves         | 4 |  4.7
Fire Magic     | 1 2 |  2.0
Stealth        | |  1.7
Summonings     | |  1.0
Translocations | |  1.0

Action                   |  1- 3 |  4- 6 |  7- 9 | 10-12 | 13-15 || total
-------------------------+-------+-------+-------+-------+-------++-------
Melee: Spear             |    29 |    19 |   126 |   296 |       ||   470
       Rapier            |       |       |    96 |       |       ||    96
       Tailslap          |       |       |    14 |    83 |     1 ||    98
       Hand axe          |       |       |       |   288 |       ||   288
       Lajatang          |       |       |       |   262 |    33 ||   295
Throw: Dart              |       |       |    33 |    33 |       ||    66
 Cast: Magic Dart        |    82 |    37 |   238 |   246 |       ||   603
       Call Imp          |     3 |    54 |    10 |    14 |       ||    81
       Mephitic Cloud    |       |     3 |    14 |    39 |       ||    56
       Conjure Flame     |       |       |    15 |    41 |       ||    56
       Ensorcelled Hiber |       |       |       |     1 |       ||     1
       Olgreb's Toxic Ra |       |       |       |     4 |       ||     4
       Bolt of Magma     |       |       |       |       |     1 ||     1
       Regeneration      |       |       |       |       |     1 ||     1
Invok: Divine Exegesis   |       |       |       |     1 |     1 ||     2
 Abil: Breathe Steam     |       |       |     9 |     8 |     1 ||    18
Evoke: Wand              |       |       |       |    12 |     3 ||    15
  Use: Scroll            |       |       |    13 |     6 |       ||    19
       Potion            |       |       |       |     6 |    10 ||    16
 Stab: Sleeping          |     4 |       |       |     5 |       ||     9
       Distracted        |       |     1 |       |       |       ||     1
       Confused          |       |       |     3 |     5 |       ||     8
       Paralysed         |       |       |       |     3 |       ||     3
  Eat: Chunk             |     6 |     8 |    11 |    34 |       ||    59
       Ration            |       |       |     3 |     5 |     1 ||     9
Armor: Skin              |    23 |    37 |    79 |   287 |    82 ||   508
Dodge: Dodged            |    40 |    43 |   236 |   982 |    52 ||  1353
